Map: Ultralove

Players

KingofSpades

  • Race: Zerg Zerg
  • League: Silver
  • Spawn Location: 1:00

WeAreLegion - Winner!

  • Race: Terran Terran
  • League: Silver
  • Spawn Location: 7:00

VOD

Have the link to the VOD?

Description

Time

  • Played on: Dec. 12, 2024, 11:33 p.m.
  • Length: 18:14
Show
View Real Time Build Order
Export as new Build Order

KingofSpades Zerg 

Build Orders: Pool First 

Get SALT Encoding   

  12  0:00  Drone  
  13  0:14  Overlord  
  13  0:43  Drone  
  13  0:44  Drone x2  
  16  0:52  Spawning Pool  
  15  0:58  Extractor  
  15  0:59  Drone  
  15  1:09  Drone  
  16  1:23  Drone, Hatchery  
  16  1:46  Drone, Baneling Nest  
  16  1:47  Drone  
  17  1:52  Queen  
  19  1:57  Drone  
  20  2:13  Zergling x2  
  20  2:14  Zergling x2  
  22  2:19  Metabolic Boost  
  22  2:23  Overlord  
  22  2:24  Extractor  
  21  2:35  Queen  
  22  2:44  Drone  
  22  2:45  Drone  
  24  2:55  Drone  
  24  3:33  Zergling x4  
  24  3:34  Spine Crawler, Zergling x2  
  26  3:43  Lair  
  26  3:45  Drone x2  
  26  3:46  Overlord  
  28  3:59  Overlord  
  28  4:13  Zergling x2  
  28  4:14  Zergling x8  
  33  4:25  Drone x2  
  35  4:32  Drone x2  
  35  4:33  Drone  
  28  5:17  Spire  
  28  5:21  Infestation Pit  
  26  5:28  Spine Crawler x2  
  24  5:33  Overlord x3  
  24  5:36  Overseer  
  24  5:49  Spire  
  23  5:50  Drone x4  
  22  6:15  Drone x6  
  28  6:32  Queen  
  26  6:47  Drone x6  
  32  6:56  Extractor  
  32  6:59  Spore Crawler  
  32  7:01  Spore Crawler  
  29  7:02  Drone  
  30  7:15  Drone  
  30  7:16  Drone x4  
  30  7:18  Drone  
  36  7:37  Overlord x3  
  36  7:47  Spine Crawler  
  36  7:50  Queen  
  37  7:54  Drone  
  37  7:55  Drone x3  
  37  7:58  Drone  
  42  8:49  Mutalisk x6  
  54  8:56  Zerg Flyer Weapons Level 1  
  54  8:58  Zerg Flyer Armor Level 1  
  54  9:03  Extractor  
  54  9:05  Drone x3  
  54  9:07  Mutalisk x3  
  62  9:35  Hatchery  
  61  9:44  Queen x2  
  66  10:08  Mutalisk x2  
  66  10:09  Mutalisk x5  
  79  10:20  Queen  
  79  10:54  Zergling x2  
  79  10:55  Zergling x10  
  85  11:09  Hatchery  
  76  12:07  Zerg Flyer Weapons Level 2  
  76  12:09  Zerg Flyer Armor Level 2  
  76  12:10  Extractor  
  76  12:11  Spine Crawler, Hatchery  
  76  12:14  Extractor  
  64  12:45  Mutalisk x5  
  64  12:46  Mutalisk x3  
  80  12:54  Drone x10  
  90  13:33  Zergling x14  
  90  13:34  Zergling x18  
  102  13:52  Drone x2  
  104  13:55  Overlord  
  104  13:56  Overlord x9  
  57  14:34  Zergling x2  
  57  14:35  Zergling x30  
  73  14:45  Hatchery  
  64  14:54  Hatchery, Hive  
  61  15:13  Hatchery  
  60  15:17  Spore Crawler  
  52  15:44  Mutalisk x11  
  74  15:50  Queen  
  66  16:26  Queen, Overseer  
  68  16:33  Mutalisk  
  68  16:34  Mutalisk x8  
  54  17:28  Zergling x2  
  54  17:29  Zergling x32  
Show
View Real Time Build Order
Export as new Build Order

WeAreLegion Terran - Winner!

Build Orders:  

Get SALT Encoding   

  12  0:03  SCV  
  13  0:15  SCV  
  13  0:19  Supply Depot  
  14  0:27  SCV  
  15  0:40  SCV  
  16  0:44  Barracks  
  16  0:48  Refinery  
  16  0:53  SCV  
  17  1:05  SCV  
  18  1:17  SCV  
  19  1:30  Orbital Command  
  19  1:33  Reaper  
  20  1:50  Supply Depot  
  20  1:58  SCV  
  21  2:02  Command Center  
  21  2:09  Marine  
  21  2:10  SCV  
  23  2:20  Factory  
  23  2:36  SCV  
  24  2:39  Refinery  
  24  2:47  Barracks Reactor  
  24  2:48  SCV  
  25  3:00  SCV  
  26  3:12  SCV  
  27  3:24  SCV  
  28  3:30  Orbital Command  
  28  3:36  SCV  
  28  3:40  Hellion  
  28  3:41  Hellion  
  33  3:48  SCV  
  33  3:52  Supply Depot  
  34  3:59  Starport  
  34  4:01  SCV  
  34  4:02  Engineering Bay, Hellion x2  
  39  4:05  SCV  
  40  4:13  SCV  
  40  4:15  Marine  
  42  4:17  SCV  
  42  4:24  Barracks  
  43  4:25  SCV  
  43  4:27  Hellion  
  43  4:28  Hellion  
  43  4:29  SCV  
  49  4:33  Marine  
  49  4:35  Liberator  
  49  4:37  SCV  
  43  5:10  SCV x2  
  43  5:11  Marine  
  43  5:13  Hellion x2  
  50  5:15  Barracks Tech Lab  
  50  5:21  Barracks  
  50  5:22  SCV x2  
  50  5:25  Barracks  
  52  5:29  Marine  
  52  5:34  SCV  
  54  5:41  Supply Depot, SCV  
  54  5:42  Starport Reactor, Hellion  
  57  5:44  Supply Depot  
  57  5:46  SCV  
  57  5:47  Marine  
  59  5:54  SCV  
  60  5:58  SCV  
  59  6:05  Marine  
  59  6:06  SCV  
  59  6:11  SCV  
  62  6:18  SCV, Command Center  
  63  6:19  Hellion x2, Medivac  
  63  6:20  Medivac  
  63  6:23  Marine  
  72  6:29  Barracks Reactor  
  72  6:35  Barracks Tech Lab  
  72  6:44  Barracks Tech Lab  
  72  6:47  Stimpack  
  72  6:48  SCV x2  
  74  6:54  Marine x2  
  74  6:57  Widow Mine  
  78  7:10  SCV, Widow Mine, Viking  
  78  7:12  Supply Depot, Marine x2  
  78  7:13  Supply Depot  
  87  7:30  Marine, Widow Mine  
  87  7:31  Marauder  
  87  7:32  Widow Mine  
  87  7:34  Supply Depot  
  92  7:37  Supply Depot  
  92  7:48  Marauder  
  92  7:49  SCV  
  92  7:50  SCV  
  96  8:00  Refinery x2  
  96  8:02  SCV x2  
  98  8:07  Marine x4  
  98  8:09  Marine, Widow Mine x2  
  98  8:12  Command Center, Medivac x2  
  109  8:14  SCV  
  109  8:19  Supply Depot  
  112  8:22  Terran Infantry Weapons Level 1, Armory  
  112  8:25  Marauder  
  112  8:26  Engineering Bay, Marauder  
  116  8:27  Command Center  
  116  8:30  SCV x2, Widow Mine x2  
  122  8:34  Orbital Command  
  122  8:41  Supply Depot  
  122  8:42  SCV, Medivac  
  122  8:43  SCV  
  126  9:02  SCV x3  
  129  9:08  Marine x5  
  136  9:10  Widow Mine x2  
  136  9:14  SCV x3  
  141  9:26  SCV x2, Marine  
  141  9:27  Marauder x3  
  148  10:05  Marine x5  
  157  10:07  Liberator x2, Widow Mine x2  
  163  10:24  Marauder x2  
  163  10:28  Widow Mine x2  
  168  10:48  Starport  
  168  10:50  Starport, Liberator, Viking  
  168  10:52  Marine  
  168  10:53  Marine x3, Marauder  
  179  10:57  Refinery  
  179  11:00  Refinery  
  179  11:02  Refinery  
  179  11:14  SCV x4, Marauder x2  
  179  11:15  Supply Depot  
  187  11:19  Planetary Fortress, Supply Depot  
  187  11:21  Viking  
  180  11:26  SCV  
  174  11:33  Viking  
  174  11:38  Supply Depot  
  160  11:49  Marine x2  
  160  11:50  Marine, Marauder x2  
  160  11:51  Viking  
  169  11:54  Starport Reactor  
  169  11:55  Starport Reactor  
  169  12:03  Viking  
  169  12:08  Marauder  
  173  12:13  Marine x4  
  181  12:15  Widow Mine x2  
  181  12:21  Viking  
  182  12:29  Marine  
  176  12:31  Marine  
  176  12:32  Marauder x2  
  176  12:37  Marine, Widow Mine  
  175  12:38  Viking x4  
  175  12:39  Viking  
  180  12:46  Widow Mine  
  180  12:47  Marauder  
  180  12:49  Marine  
  183  12:53  Marauder x2  
  183  12:54  Marine  
  183  12:58  Planetary Fortress  
  188  13:01  SCV x4  
  192  13:06  Marine  
  192  13:09  Marauder  
  195  13:13  SCV x3  
  195  13:14  Marauder  
  179  13:36  Viking x2  
  179  13:37  Viking x2  
  179  13:38  Terran Infantry Weapons Level 2  
  179  13:40  Terran Ship Weapons Level 1  
  187  13:43  Armory  
  187  13:44  Terran Infantry Armor Level 1  
  187  13:47  Concussive Shells  
  129  14:48  Marine x5  
  129  14:50  Viking x5  
  129  14:51  Widow Mine x2  
  148  15:06  Marauder  
  148  15:07  Marauder x2  
  152  15:13  Widow Mine  
  146  15:19  Marine x2  
  146  15:21  Viking x4  
  154  15:27  Widow Mine  
  154  15:28  Marauder x3  
  164  15:34  Widow Mine  
  158  15:36  Marine x2  
  160  15:48  Widow Mine  
  160  15:49  Marine, Marauder x2  
  167  15:54  Marine x2  
  167  15:56  Widow Mine  
  171  16:07  Marauder  
  171  16:09  Widow Mine  
  171  16:11  Marauder x2  
  177  16:12  Marine  
  177  16:17  Marine, Widow Mine  
  169  16:28  Marauder  
  169  16:30  Marine  
  169  16:31  Widow Mine  
  169  16:32  Marine, Marauder  
  177  16:35  Marine  
  172  16:48  Marine  
  172  16:49  Marine x2  
  172  16:53  Marine x2  
  173  17:05  Marine  
  173  17:08  Marauder x2  
  166  17:11  Marine, Marauder  
  166  17:14  Viking x3  
  166  17:15  Viking x3  
  167  17:23  Marine  
  167  17:29  Marauder x2  
  163  17:33  Marauder  
  164  17:37  Marine  
  164  17:39  Widow Mine x2  
  164  17:41  Marine  
  170  17:50  Marauder  
  170  17:51  Marauder  
  174  17:53  Marine  
  174  17:55  Marine  
Tags
 
Matchup
TvZ
Opening
Pool First
Replay Pack
December
Spawn Locations
Cross Positions
Add a new tag
Caveats
  • Supply blocks, unpowered buildings, or Contaminate may cause inaccurate times.
  • Supply counts are checked every 10 seconds.